 Dungeon Crawl Stone Soup version 0.30-a0-627-gc11e7ae810 (webtiles) character file.

Game seed: 6162668419563104521

609 Dartaoz the Firebug (level 7, -4/50 HPs)
             Began as a Yellow Draconian Fire Elementalist on Jan 12, 2023.
             Killed from afar by Dowan (8 damage)
             ... with a stone arrow
             ... on level 4 of the Dungeon.
             The game lasted 00:14:43 (5396 turns).

Dartaoz the Firebug (DrFE)                          Turns: 5396, Time: 00:14:44

Health: -4/50      AC:  6    Str: 10    XL:     7   Next: 19%
Magic:  1/10       EV: 12    Int: 17    God:
Gold:   170        SH:  0    Dex: 12    Spells: 7/10 levels left

rFire   . . .      SeeInvis .    s - +2 dagger (venom)
rCold   . . .      Faith    .    (no shield)
rNeg    . . .      Spirit   .    (body armour unavailable)
rPois   .          Reflect  .    (helmet restricted)
rElec   .          Harm     .    (no cloak)
rCorr   +          Rampage  .    (no gloves)
Will    .....                    (no boots)
Stlth   ++                       (no amulet)
HPRegen 0.28/turn                (no ring)
MPRegen 0.12/turn                (no ring)

@: slowed, very slow
A: spit acid, AC +6, unfitting armour, cold-blooded, acid resistance
a: Breathe Acid


You were on level 4 of the Dungeon.
You visited 1 branch of the dungeon, and saw 4 of its levels.

You collected 170 gold pieces.

Inventory:

Hand Weapons
 j - a +0 dagger
 n - a +1 dagger of venom
 s - a +2 dagger of venom (weapon)
Missiles
 m - 2 throwing nets
Armour
 y - a +0 cloak
Jewellery
 k - a +6 ring of dexterity
Wands
 p - a wand of paralysis (4)
 w - a wand of iceblast (3)
Scrolls
 d - 2 scrolls of identify {unknown}
 f - a scroll of fog {unknown}
 i - a scroll of enchant armour {unknown}
 o - a scroll of poison {unknown}
 r - 4 scrolls of teleportation {unknown}
 v - 3 scrolls of amnesia {unknown}
 x - a scroll of vulnerability {unknown}
Potions
 a - 2 potions of magic
 b - a potion of attraction {unknown}
 c - 2 potions of curing
 e - 2 potions of ambrosia {unknown}
 g - a potion of invisibility {unknown}
 h - a potion of mutation {unknown}
 l - a potion of resistance {unknown}
 q - a potion of haste {unknown}
 t - a potion of flight {unknown}
 u - 2 potions of brilliance {unknown}
 z - 2 potions of lignification {unknown}


   Skills:
 - Level 1.7 Dodging
 - Level 1.7 Stealth
 - Level 2.0 Spellcasting
 + Level 5.4 Conjurations
 + Level 6.2 Fire Magic


You had 7 spell levels left.
You knew the following spells:

 Your Spells              Type           Power      Damage    Failure   Level
a - Foxfire               Conj/Fire      84%        2x1d8     1%          1
b - Scorch                Fire           46%        2d7       2%          2

Your spell library contained the following spells:

 Spells                   Type           Power      Damage    Failure   Level
 Inner Flame              Hex/Fire       12%        N/A       16%         3
 Flame Wave               Conj/Fire      21%        2d8       17%         4
 Kindle Blastsparks       Fire/Tloc/Air  16%        2d11      24%         3
 Ensorcelled Hibernation  Hex/Ice        2%         N/A       28%         2
 Gell's Gravitas          Tloc           1%         N/A       50%         3
 Spider Form              Tmut/Pois      1%         N/A       50%         3
 Teleport Other           Tloc           1%         N/A       50%         3
 Anguish                  Hex/Necr       0%         N/A       88%         4
 Dispersal                Tloc           0%         N/A       100%        6


Dungeon Overview and Level Annotations

Branches:
Dungeon (4/15)
 Temple: D:4-7

Altars:
Trog

Annotations:
D:3 3 runed translucent doors, bosakos's ghost, amateur HOFi
D:4 Dowan


Innate Abilities, Weirdness & Mutations

You can spit globs of acid.
Your golden yellow scales are hard. (AC +6)
You cannot fit into any form of body armour.
You are cold-blooded and may be slowed by cold attacks.
You are resistant to acid. (rCorr)


Message History

Dowan gestures wildly while chanting.
Dowan blinks!
Duvessa misses you.
You barely miss Duvessa.
Duvessa is almost dead.
You kill Duvessa!
Dowan's eyes darken. "You have made a black mistake."
Dowan seems to find hidden reserves of power!
You have reached level 7!
Your scales start taking on a golden yellow colour.
You can spit globs of acid.
You feel resistant to acid.
Dowan mumbles some strange words.
Dowan blinks!
Press: ? - help, Shift-Dir - straight line, f - Dowan
Aim: Dowan, wielding a +4 dagger of freezing and wearing a +2 robe of willpower (lightly wounded, fast, 51% to hit)
You fail to use your ability.
Dowan hits you but does no damage.
Casting: Scorch (safe; 2% risk of failure)
Confirm with . or Enter, or press ? or * to list all spells.
Flames lash Dowan.
Dowan is severely wounded.
Dowan's fire resistance burns away.
Dowan casts a spell at you. The stone arrow hits you!
You hit Dowan.
Dowan is poisoned.
Your tail-slap misses Dowan.
Dowan is severely wounded.
Dowan hits you with a +4 dagger of freezing.
Dowan freezes you.
Dowan hits you with a +4 dagger of freezing.
* * * LOW HITPOINT WARNING * * *
You feel yourself slow down. Dowan freezes you.
* * * LOW HITPOINT WARNING * * *
You hit Dowan.
Dowan looks as sick as possible!
You tail-slap Dowan.
Dowan is severely wounded.
Dowan hits you with a +4 dagger of freezing.
* * * LOW HITPOINT WARNING * * *
Dowan freezes you.
* * * LOW HITPOINT WARNING * * *
Dowan casts a spell at you. The stone arrow hits you!
You die...

#.....#### #.................
##........###.................
..
#.....#........######.........
.. #.....###.....## #....>....
.. ......###....## #.........
.. .......##....## ##...e....
.. .......#......## #)..e....
..
...............#######........
..
..........#####.@e.##.........
. ..........# #####)..........
..........## #..###.#....
...........# #..# #.#...
...........########.## #....
....[...............# #...
..........#...####.## #..
..........#.### ### ..
..........#.#


You could see Dowan (fast, extremely poisoned, combustible).

Vanquished Creatures
  Sigmund (D:3)
  Duvessa (D:4)
  A hound (D:4)
  An iguana (D:4)
  Ijyb (D:3)
  Natasha (thrice) (D:2)
  Terence (D:3)
  5 adders
  6 dart slugs
  3 orcs (D:3)
  7 endoplasms
  2 giant cockroaches
  9 goblins
  8 hobgoblins
  14 jackals
  6 quokkas
  7 ball pythons
  9 bats
  3 frilled lizards
  5 kobolds
  12 rats
105 creatures vanquished.

Vanquished Creatures (others)
  27 foxfires
27 creatures vanquished.

Grand Total: 132 creatures vanquished

Notes
Turn   | Place    | Note
-------+----------+-------------------------------------------
     0 | D:1      | Dartaoz the Draconian Fire Elementalist began the quest for
                  | the Orb.
     0 | D:1      | Reached XP level 1. HP: 14/14 MP: 3/3
   197 | D:1      | Reached XP level 2. HP: 20/20 MP: 0/5
   200 | D:1      | Learned a level 2 spell: Scorch
   267 | D:1      | Noticed a golden eye
   273 | D:1      | Noticed an eye of devastation
   879 | D:1      | Reached XP level 3. HP: 26/26 MP: 3/6
   919 | D:1      | Found a faded altar of an unknown god.
   919 | D:1      | Noticed an eye of devastation
  1192 | D:1      | Noticed a floating eye
  1730 | D:2      | Noticed Natasha
  1739 | D:2      | Reached skill level 4 in Fire Magic
  1757 | D:2      | Reached XP level 4. HP: 8/33 MP: 0/7
  1909 | D:2      | Killed Natasha
  1954 | D:2      | Noticed Natasha
  1958 | D:2      | Killed Natasha
  2525 | D:2      | Reached XP level 5. HP: 35/38 MP: 1/8
  2741 | D:2      | Noticed Natasha
  2748 | D:2      | Killed Natasha
  3040 | D:3      | Noticed Terence
  3049 | D:3      | Killed Terence
  3336 | D:3      | Found a runed translucent gate.
  3336 | D:3      | Found a runed translucent gate.
  3336 | D:3      | Found a runed translucent gate.
  3341 | D:3      | Noticed bosakos's ghost (amateur HOFi)
  3627 | D:3      | Reached skill level 5 in Fire Magic
  3871 | D:3      | Noticed Ijyb
  3876 | D:3      | Killed Ijyb
  3883 | D:3      | Noticed Sigmund
  4039 | D:3      | Found a bloodstained altar of Trog.
  4262 | D:3      | Killed Sigmund
  4263 | D:3      | Reached XP level 6. HP: 37/45 MP: 2/9
  4737 | D:4      | Reached skill level 5 in Conjurations
  4811 | D:4      | Noticed Duvessa
  4817 | D:4      | Noticed Dowan
  5050 | D:4      | Reached skill level 6 in Fire Magic
  5388 | D:4      | Killed Duvessa
  5389 | D:4      | Your scales start taking on a golden yellow colour.
  5389 | D:4      | Reached XP level 7. HP: 26/50 MP: 1/10
  5389 | D:4      | Gained mutation: You are resistant to acid. (rCorr) [Yellow
                  | Draconian growth]
  5396 | D:4      | Killed from afar by Dowan

Illustrated notes

Levels and vault maps discovered:
D:1:      mrwooster_arrival_statue, layout_loops_ring,
          hellmonk_ecumenical_altar_watching_god, nrook_campfire,
          chequers_serial_rivers_room_a
D:2:      layout_rooms, minmay_pentomino_w2, uniq_natasha
D:3:      layout_basic, trog_hazing_becter, ebering_ghost_rock_garden,
          minmay_fractal_squares_5, uniq_ijyb, uniq_sigmund, uniq_terence
D:4:      layout_layer_cave, mainiacjoe_overflow_catwalk, uniq_duvessa

Skill      XL: |  1  2  3  4  5  6 |
---------------+-------------------+-----
Conjurations   | 2 3 4 5 |  5.4
Fire Magic     | 4 5 6 |  6.2
Dodging        | |  1.7
Stealth        | |  1.7
Spellcasting   | |  2.0

Action                   |  1- 3 |  4- 6 |  7- 9 || total
-------------------------+-------+-------+-------++-------
Melee: Unarmed           |    15 |       |       ||    15
       Tailslap          |     9 |     7 |     1 ||    17
       Dagger            |    21 |    31 |     2 ||    54
 Cast: Foxfire           |    14 |     5 |       ||    19
       Scorch            |    36 |    91 |     1 ||   128
Armor: Skin              |    24 |    21 |     1 ||    46
Dodge: Dodged            |    44 |    39 |       ||    83

Table legend: (Time is in decaauts)
 A = Elapsed time spent in this place.
 B = Non-inter-level travel time spent in this place.
 C = Inter-level travel time spent in this place.
 D = Time resting spent in this place.
 E = Time spent auto-exploring this place.
 F = Levels seen in this place.
 G = Mean time per level.
                   A        B        C        D        E       F      G
               +--------+--------+--------+--------+--------+-----+--------+
         Total |   5409 |   5252 |    157 |    337 |   4189 |   4 | 1352.2 |
       Dungeon |   5409 |   5252 |    157 |    337 |   4189 |   4 | 1352.2 |
               +--------+--------+--------+--------+--------+-----+--------+

Top non-repeatable levels by time:
     D:3: 1917 daAuts
     D:1: 1538 daAuts
     D:2: 1363 daAuts
     D:4: 590 daAuts
